 Dungeon Crawl Stone Soup version 0.27-a0-1200-g94dc6ad4cf (webtiles) character file.

Game seed: 13076847954953152012

0 spiderkeys the Skirmisher (level 1, -2/18 HPs)
             Began as a Merfolk Abyssal Knight on June 1, 2021.
             Was a Follower of Lugonu.
             Slain by a fire bat (7 damage)
             ... on level 3 of the Abyss.
             The game lasted 00:00:51 (148 turns).

spiderkeys the Skirmisher (Merfolk Abyssal Knight)   Turns: 148, Time: 00:00:52

Health: -2/18      AC:  1    Str: 12      XL:     1   Next: 0%
Magic:  2/2        EV: 11    Int: 11      God:    Lugonu [*.....]
Gold:   0          SH:  0    Dex:  6 (9)  Spells: 0/0 levels left

rFire    . . .     SeeInvis .   a - +1 spear
rCold    . . .     Faith    .   (no shield)
rNeg     . . .     Spirit   .   b - +0 leather armour
rPois    .         Reflect  .   (no helmet)
rElec    .         Harm     .   (no cloak)
rCorr    .         Rampage  .   (no gloves)
Will     .....     Rnd*Rage +   (no boots)
Stlth    +.........             (no amulet)
HPRegen  0.00/turn              (no ring)
MPRegen  0.08/turn              (no ring)

@: unable to read
A: (nimble swimmer 2), mertail, [berserk 2], [clumsy 2], [deformed body],
[inhibited regeneration], [inability to read while threatened]
a: Renounce Religion, Depart the Abyss


You were on level 3 of the Abyss.
You worshipped Lugonu.
Lugonu was aware of your devotion.
You visited 0 branches of the dungeon, and saw 0 of its levels.
You visited the Abyss 1 time.


Innate Abilities, Weirdness & Mutations

((You are quick and stealthy near water. (Stealth+, EV+, Speed+++)))
Your lower body shifts to a powerful aquatic tail in water.
[You often lose your temper in combat.]
[You are very clumsy. (Dex -4)]
[Armour fits poorly on your strangely shaped body.]
[You do not regenerate when monsters are visible.]
[You sometimes lose the ability to read scrolls when taking damage.]


   Skills:
 + Level 3.2 Fighting
 + Level 3.0 Polearms
 + Level 0.6 Armour
 + Level 2.6 Dodging
 + Level 2.0 Invocations


You couldn't memorise any spells.
You didn't know any spells.
Your spell library was empty.

Inventory:

Hand Weapons
 a - a +1 spear (weapon)
 f - a +2 vorpal glaive
   (You found it on level 2 of the Abyss)
Missiles
 c - 5 boomerangs
 d - 6 silver javelins
 e - 19 arrows
Armour
 b - a +0 leather armour (worn)
Wands
 h - a wand of acid (7)
   (You found it on level 3 of the Abyss)
Scrolls
 g - a scroll of enchant armour

Dungeon Overview and Level Annotations

Branches:
Dungeon (0/15)

Altars:

.## . ### .. # . .##
.?........ .......... ..
#...v #.....# ...# #..
#... #...# ...# ##.#
##.## ##.## # .##
#..b###...###...###.. #
.#.....#.....#.....#
....#.
.......................
... #. . .#.b@..#... . .
. .# #.. ##...###... ##.
.## ##.# ##.## #.## ##.
# # ##...###...###.. #
#... # v.# ..
.#.....#.....#.. .. .
........................
. .#.... #.....#.....# .
..#.
##...###...###...###...#
##.# ##.## #.# #.##


You could see a spatial vortex (wandering) and 2 fire bats.


Message History

Lugonu says: Depart the Abyss and spread corruption, my servant! (use the ability menu to exit the Abyss) Press ? for a list of commands and other information.
Found 5 boomerangs.
Found a corrupted altar of Lugonu.
c - 5 boomerangs A quasit comes into view.
A quasit is nearby!
The quasit completely misses you. The quasit misses you.
The quasit claws you. 😕 HP[-1]
You take 1 damage, and now have 17/18 hp.
There is a corrupted altar of Lugonu here.
The quasit barely misses you. The quasit claws you.
You feel clumsy.
The quasit claws you but does no damage. 😕 HP[-1]
You take 1 damage, and now have 16/18 hp.
The quasit barely misses you.
The quasit claws you but does no damage.
The quasit claws you.
You feel clumsy.
Found a gateway leading out of the Abyss. 😕 HP[-2]
You take 2 damage, and now have 14/18 hp.
Found a pair of boots.
Found a gateway leading deeper into the Abyss.
The quasit closely misses you. The quasit barely misses you.
The quasit claws you but does no damage.
Unknown command.
The quasit bites you but does no damage.
The quasit claws you.
You feel clumsy.
The quasit claws you but does no damage. 😮 HP[-2]
You take 2 damage, and now have 12/18 hp.
There is a gateway leading deeper into the Abyss here.
The quasit barely misses you. x2
The quasit claws you but does no damage.
The quasit bites you but does no damage.
The quasit misses you.
The quasit claws you but does no damage.
You plunge deeper into the Abyss. 😮 HP[+1]
d - 6 silver javelins
e - a scroll labelled LIUQIF URHOPN
Found a gateway leading out of the Abyss.
You see here a +2 vorpal glaive. 😕 HP[+1]
You see here a +2 vorpal glaive.
f - a +2 vorpal glaive 😕 HP[+1]
A wretched star comes into view.
You see here a scroll labelled VATTUK DEU.
g - a scroll labelled VATTUK DEU A large abomination comes into view.
You see here 33 gold pieces.
As you read the scroll labelled LIUQIF URHOPN, it crumbles to dust.
It is a scroll of identify.
g - a scroll of enchant armour
Found a gateway leading deeper into the Abyss.
The wretched star pulses with an eldritch light!
You lose the ability to read scrolls when threatened.
The wretched star pulses with an eldritch light!
Your regeneration stops near monsters.
A large abomination comes into view.
The wretched star pulses with an eldritch light!
Your body twists and deforms.
A small abomination comes into view.
There is a gateway leading deeper into the Abyss here.
The wretched star pulses with an eldritch light!
You feel a little pissed off.
You feel angry.
You feel clumsy. x2
You plunge deeper into the Abyss.
The abyssal rune of Zot can be found at this depth.
Found a corrupted altar of Lugonu.
e - 19 arrows 😕 HP[+1]
There is a corrupted altar of Lugonu here. 😕 HP[+1]
An efreet comes into view.
It is wielding a +1 scimitar of flaming.
h - a wand of acid (7) 😎 HP[+1]
Your hp is fully restored (18).
A spatial vortex comes into view.
A spatial vortex comes into view. x2
A will-o-the-wisp comes into view.
The will-o-the-wisp gives a chilling moan.
The will-o-the-wisp gestures.
The will-o-the-wisp conjures some foxfire!
A foxfire comes into view.
A fire bat comes into view.
The fire bat bites you.
You are engulfed in flames. 😮 HP[-7]
You take 7 damage, and now have 11/18 hp.
MASSIVE DAMAGE!! (PAUSE)
A spatial vortex comes into view. x2
The fire bat barely misses you.
A fire bat comes into view.
The fire bat bites you.
You feel threatened and lose the ability to read scrolls!
* * * LOW HITPOINT WARNING * * *
You are engulfed in flames!
You die...

Action                   || total
-------------------------++-------
  Use: Scroll            ||     1
Armor: Leather armour    ||     8
Dodge: Dodged            ||    10

Levels and vault maps discovered:
Abyss:3:  base: Temple, base:
Temple

Notes
Turn   | Place    | Note
-------+----------+-------------------------------------------
     0 | Abyss:1  | spiderkeys the Merfolk Abyssal Knight began the quest for
                  | the Orb.
     0 | Abyss:1  | Reached XP level 1. HP: 18/18 MP: 2/2
     0 | Abyss:1  | magus.rc [v1.9.10]
    11 | Abyss:1  | Noticed a quasit
    70 | Abyss:2  | Noticed a wretched star
    73 | Abyss:2  | Noticed a large abomination
    80 | Abyss:2  | Noticed a large abomination
    81 | Abyss:2  | Noticed a small abomination
    86 | Abyss:3  | Found a corrupted altar of Lugonu.
   114 | Abyss:3  | Noticed an efreet
   129 | Abyss:3  | Noticed a spatial vortex
   130 | Abyss:3  | Noticed a spatial vortex
   130 | Abyss:3  | Noticed a spatial vortex
   141 | Abyss:3  | Noticed a will-o-the-wisp
   146 | Abyss:3  | Noticed a fire bat
   148 | Abyss:3  | Noticed a spatial vortex
   148 | Abyss:3  | Noticed a spatial vortex
   148 | Abyss:3  | Noticed a fire bat
   148 | Abyss:3  | Slain by a fire bat

Vanquished Creatures (others)
  2 foxfires (Abyss:3)
2 creatures vanquished.

Table legend:
 A = Non-vault XP
 B = Vault XP
 C = Vault XP percentage of total XP
 D = Non-vault monster count
 E = Vault monster count
 F = Vault count percentage of total count
                 A         B        C        D         E       F
            +---------+---------+-------+---------+---------+-------
      Total |       0 |       0 |   N/A |       0 |       0 |  -nan
            +---------+---------+-------+---------+---------+-------
            +---------+---------+-------+---------+---------+-------

Illustrated notes

Table legend: (Time is in decaauts)
 A = Elapsed time spent in this place.
 B = Non-inter-level travel time spent in this place.
 C = Inter-level travel time spent in this place.
 D = Time resting spent in this place.
 E = Time spent auto-exploring this place.
 F = Levels seen in this place.
 G = Mean time per level.
                   A        B        C        D        E       F      G
               +--------+--------+--------+--------+--------+-----+--------+
         Total |    147 |    147 |      0 |      0 |     11 |   3 |   49.0 |
         Abyss |    147 |    147 |      0 |      0 |     11 |   3 |   49.0 |
               +--------+--------+--------+--------+--------+-----+--------+

Top non-repeatable levels by time:
 Abyss:3: 63 daAuts
 Abyss:2: 50 daAuts
 Abyss:1: 33 daAuts
